 Dungeon Crawl Stone Soup version 0.29.1-14-g9c671dbff4 (webtiles) character file.

Game seed: 10376995352677389441

60 promet the Magician (level 3, -2/19 HPs)
             Began as a Deep Elf Air Elementalist on Feb 13, 2023.
             Was an Initiate of the Shining One.
             Killed from afar by a white imp (11 damage)
             ... with a puff of frost
             ... on level 3 of the Dungeon.
             The game lasted 00:10:13 (1782 turns).

promet the Magician (Deep Elf Air Elementalist)     Turns: 1782, Time: 00:10:13

Health: -2/19      AC:  3    Str:  7    XL:     3   Next: 82%
Magic:  8/10       EV: 12    Int: 19    God:    the Shining One [......]
Gold:   83         SH:  0    Dex: 15    Spells: 7/10 levels left

rFire   . . .      SeeInvis .   a - +1 short sword
rCold   . . .      Faith    .   (no shield)
rNeg    . . .      Spirit   .   e - +0 robe
rPois   .          Reflect  .   (no helmet)
rElec   .          Harm     .   (no cloak)
rCorr   .          Rampage  .   (no gloves)
Will    .....                   p - +0 pair of boots
Stlth   +.........              d - amulet of regeneration
HPRegen 0.86/turn               (no ring)
MPRegen 0.12/turn               (no ring)

@: glowing
A: no striking features
a: Renounce Religion


You were on level 3 of the Dungeon.
You worshipped the Shining One.
The Shining One was noncommittal.
You visited 1 branch of the dungeon, and saw 3 of its levels.

You collected 83 gold pieces.

Inventory:

Hand Weapons
 a - a +1 short sword (weapon)
 g - a +0 club
 m - a +0 trident
 q - a +0 spear
Missiles
 j - 2 poisoned darts
 l - 14 stones
Armour
 e - a +0 robe (worn)
 p - a +0 pair of boots (worn)
Jewellery
 d - an amulet of regeneration (around neck)
Scrolls
 k - a scroll of poison
 n - a scroll of teleportation
Potions
 b - a potion of magic
 c - a potion of flight
 f - a potion of mutation {unknown}
 h - a potion of cancellation
 i - a potion of degeneration {unknown}
 o - a potion of resistance {unknown}


   Skills:
 + Level 2.5 Dodging
 + Level 2.9 Stealth
 * Level 4.4 Spellcasting
 + Level 1.5 Conjurations
 + Level 3.6 Air Magic


You had 7 spell levels left.
You knew the following spells:

 Your Spells              Type           Power      Damage    Failure   Level
a - Shock                 Conj/Air       56%        1d6       4%          1
b - Static Discharge      Conj/Air       14%        3-5/arc   7%          2

Your spell library contained the following spells:

 Spells                   Type           Power      Damage    Failure   Level
 Swiftness                Air            18%        N/A       9%          3
 Airstrike                Air            9%         2d(2-18)  28%         4
 Lightning Bolt           Conj/Air       7%         1d19      77%         5
 Maxwell's Capacitive Co  Air            9%         ∞         100%        8


Dungeon Overview and Level Annotations

Branches:
Dungeon (3/15)

Altars:
The Shining One

Annotations:
D:3 Grinder


Message History

Magic restored.
Found a stone staircase leading down.
Grinder comes into view.
Found a scroll labelled YBUTAH HIRO.
Things that are here:
a +0 hand axe; an orc corpse
Found a spear.
Found a glowing golden altar of the Shining One.
There is a glowing golden altar of the Shining One here.
You kneel at the altar of the Shining One.
The Shining One welcomes you!
You see here a +0 spear.
You see here a +0 spear.
q - a +0 spear A white imp comes into view.
Casting: Static Discharge (safe; 7% risk of failure)
Confirm with . or Enter, or press ? or * to list all spells.
Aiming: Shock (safe; 4% risk of failure)
Press: ? - help, Shift-Dir - straight line, f - white imp
Aim: a white imp (71% to hit)
The zap hits the white imp.
The white imp is lightly wounded.
The white imp gestures at you. The puff of frost hits you!
Ouch! That really hurt!
Okay, then.
Really read the scroll of poison?
You can't even see any enemies this would affect.
The air fills with toxic fumes!
As you read the scroll of poison, it crumbles to dust.
Casting: Shock (safe; 4% risk of failure)
Confirm with . or Enter, or press ? or * to list all spells.
Aiming: Shock (safe; 4% risk of failure)
Press: ? - help, Shift-Dir - straight line, f/p - white imp
Aim: a white imp (poison gas, lightly wounded, 71% to hit)
The zap hits the white imp.
The white imp is moderately wounded.
The white imp gestures at you. The puff of frost hits you!
Ouch! That really hurt!
You die...

### ### ##.#####
##§####......## #
####§§§§§.........
##§#§§§§§§§§.........
#§§§@§§§###........##
#§§§§§### ###8...8##
#§§.5§§§§# ###.###
#§§§§§§### #...#
###§§§# #._.# ####
#...# #####


You could see a white imp.

Vanquished Creatures
  3 adders
  2 dart slugs
  An orc (D:3)
  2 endoplasms
  2 giant cockroaches (D:1)
  2 goblins (D:1)
  5 hobgoblins
  A quokka (D:2)
  3 ball pythons
  4 bats
  3 frilled lizards
  A kobold (D:1)
29 creatures vanquished.

Notes
Turn   | Place    | Note
-------+----------+-------------------------------------------
     0 | D:1      | promet the Deep Elf Air Elementalist began the quest for
                  | the Orb.
     0 | D:1      | Reached XP level 1. HP: 10/10 MP: 6/6
   353 | D:1      | Reached XP level 2. HP: 15/15 MP: 4/8
   356 | D:1      | Learned a level 2 spell: Static Discharge
   956 | D:2      | Reached XP level 3. HP: 19/19 MP: 7/10
   960 | D:2      | Reached skill level 4 in Spellcasting
  1699 | D:3      | Noticed Grinder
  1748 | D:3      | Found a glowing golden altar of the Shining One.
  1759 | D:3      | Became a worshipper of the Shining One
  1782 | D:3      | Killed from afar by a white imp

Illustrated notes

Levels and vault maps discovered:
D:1:      giann_wishing_wells, layout_basic, hangedman_decor_clover_reticule
D:2:      layout_basic, kennysheep_cluttered_room
D:3:      layout_basic, nicolae_tso_carved_into_rock, uniq_grinder

Skill      XL: |  1  2  3 |
---------------+----------+-----
Spellcasting   | 4 |  4.4
Dodging        | |  2.5
Stealth        | |  2.9
Conjurations   | |  1.5
Air Magic      | |  3.6

Action                   || total
-------------------------++-------
Melee: Short sword       ||     8
 Cast: Shock             ||    50
       Static Discharge  ||     4
  Use: Scroll            ||     9
 Stab: Sleeping          ||     4
Armor: Robe              ||     2
Dodge: Dodged            ||    17
